 Dungeon Crawl Stone Soup version 0.22.1-2-g9c5b331383 (webtiles) character file.

686 Jerry the Chopper (level 7, -4/48 HPs)
             Began as a Halfling Fighter on Nov 30, 2018.
             Succumbed to Duvessa's poison
             ... on level 4 of the Dungeon.
             The game lasted 00:06:25 (4796 turns).

Jerry the Chopper (Halfling Fighter)                Turns: 4796, Time: 00:06:26

Health: -4/48      AC:  9    Str: 19    XL:     7   Next: 94%
Magic:  2/2        EV: 14    Int:  6    God:
Gold:   184        SH:  0    Dex: 14    Spells: 6/6 levels left

rFire    . . .     SeeInvis .   m - +2 war axe (antimagic)
rCold    . . .     Gourm    .   (shield restricted)
rNeg     . . .     Faith    .   b - +1 scale mail
rPois    .         Spirit   .   (no helmet)
rElec    .         Reflect  .   q - +0 cloak
rCorr    .         Harm     .   (no gloves)
MR       .....                  (no boots)
Stlth    ..........             (no amulet)
HPRegen  0.16/turn              (no ring)
MPRegen  0.08/turn              (no ring)

@: lethally poisoned (-4 -> -47)
A: small, mutation resistance 1
a: no special abilities


You were on level 4 of the Dungeon.
You were not hungry.

You visited 1 branch of the dungeon, and saw 4 of its levels.

You collected 184 gold pieces.

Inventory:

Hand Weapons
 m - a +2 antimagic war axe (weapon)
Armour
 b - a +1 scale mail (worn)
 q - a +0 cloak (worn)
Wands
 p - a wand of random effects (44)
Scrolls
 c - a scroll of enchant weapon
 d - a scroll of fog {unknown}
 e - 2 scrolls of remove curse
 g - a scroll of noise
 h - 2 scrolls of identify
 j - 3 scrolls of teleportation
 n - a scroll of blinking {unknown}
Potions
 a - a potion of invisibility {unknown}
 k - a potion of might
 l - 2 potions of curing
 o - a potion of resistance
 r - a potion of berserk rage {unknown}
Comestibles
 f - 8 rations


   Skills:
 + Level 4.2 Fighting
 * Level 5.4 Axes
 + Level 5.1 Armour
 + Level 3.6 Dodging
   Level 3.2 Shields


You had 6 spell levels left.
You didn't know any spells.
Your spell library was empty.

Dungeon Overview and Level Annotations

Branches:
Dungeon (4/15)
 Temple: D:4-7

Altars:
Gozag
Nemelex Xobeh
Ru
Uskayaw

Annotations:
D:4 Duvessa


Innate Abilities, Weirdness & Mutations

You are small and have problems with some larger weapons.
You are somewhat resistant to further mutation.


Message History

Dowan hits you but does no damage.
You hit Duvessa.
Duvessa is severely wounded.
You slash Dowan!
You kill Dowan!
Duvessa screams in rage.
Duvessa goes berserk!
You feel very sick. Duvessa hits you but does no damage.
You are more poisoned.
Duvessa hits you but does no damage.
You barely miss Duvessa.
Duvessa is heavily wounded.
You feel very sick.
Duvessa hits you with a short sword of venom!
* * * LOW HITPOINT WARNING * * *
Duvessa barely misses you.
You hit Duvessa.
Duvessa is severely wounded.
You die...

#.#### #....# #....
.....# ### #...##
#.... ####.# #..
#...# ##... #.###.#
#...# ##.# #..##.#
###...# #.#
#..##.###..#...# #.#
####....(....##...#
#.#
.....#........#...#
#.#
#.####.#.##..##.@)#
#.# #.##
#.#.##[..#..e# #.#
#..###.#.##...#....#
#..
....##.#.##.####...#
###
###.####.......#....
#
#.....#####...##.....
# #.#.###
#.#.##...### #
#.._..# #.#.######
###### ###.#.#
#.#.#.# ##.....


You could see Duvessa (berserk).

Vanquished Creatures
  An ogre (D:4)
  A big kobold (D:3)
  A bullfrog (D:3)
  Dowan (D:4)
  A scorpion (D:4)
  A hound (D:4)
  Crazy Yiuf (D:3)
  Terence (D:2)
  Natasha (thrice) (D:3)
  2 worker ants (D:4)
  4 adders
  8 worms
  2 dart slugs
  3 leopard geckos
  3 orcs
  8 giant cockroaches
  7 goblins
  11 hobgoblins
  4 jackals
  A quokka (D:3)
  2 ball pythons (D:1)
  13 bats
  9 frilled lizards
  16 kobolds
  4 rats
108 creatures vanquished.

Notes
Turn   | Place    | Note
-------+----------+-------------------------------------------
     0 | D:1      | Jerry the Halfling Fighter began the quest for the Orb.
     0 | D:1      | Reached XP level 1. HP: 15/15 MP: 1/1
    56 | D:1      | Reached XP level 2. HP: 20/20 MP: 2/2
   503 | D:1      | Reached XP level 3. HP: 25/25 MP: 3/3
   534 | D:1      | Reached skill level 1 in Dodging
  1448 | D:2      | Reached XP level 4. HP: 5/31 MP: 4/4
  1949 | D:2      | Noticed Terence
  1956 | D:2      | Killed Terence
  1972 | D:2      | Reached XP level 5. HP: 32/36 MP: 1/5
  2864 | D:3      | Found a runed door.
  2882 | D:3      | Found a sacrificial altar of Ru.
  2939 | D:3      | Noticed Natasha
  2949 | D:3      | Killed Natasha
  3077 | D:3      | Noticed Natasha
  3083 | D:3      | Killed Natasha
  3083 | D:3      | Reached XP level 6. HP: 25/42 MP: 2/6
  3811 | D:3      | Found a hide-covered altar of Uskayaw.
  3926 | D:3      | Noticed Natasha
  3935 | D:3      | Killed Natasha
  3935 | D:3      | Reached XP level 7. HP: 45/47 MP: 2/7
  3963 | D:3      | Noticed Crazy Yiuf
  3972 | D:3      | Killed Crazy Yiuf
  4295 | D:4      | Found an opulent altar of Gozag.
  4436 | D:4      | Reached skill level 5 in Axes
  4496 | D:4      | Found a sparkling altar of Nemelex Xobeh.
  4514 | D:4      | Reached skill level 5 in Armour
  4783 | D:4      | Noticed Dowan
  4784 | D:4      | Noticed Duvessa
  4794 | D:4      | Killed Dowan
  4795 | D:4      | HP: 1/48 [Duvessa/short sword of venom (14)]
  4796 | D:4      | Succumbed to Duvessa's poison

Skill      XL: |  1  2  3  4  5  6  7 |
---------------+----------------------+-----
Dodging        | 1 2 3 |  3.6
Fighting       | 3 4 |  4.2
Axes           | 3 4 5 |  5.4
Armour         | 4 5 |  5.1
Shields        | |  3.2

Action                   |  1- 3 |  4- 6 |  7- 9 || total
-------------------------+-------+-------+-------++-------
Melee: War axe           |   108 |   176 |    58 ||   342
  Use: Potion            |     1 |     1 |       ||     2
       Scroll            |       |     7 |       ||     7
 Stab: Invisible         |       |       |     1 ||     1
  Eat: Chunk             |     2 |     8 |     3 ||    13
Armor: Scale mail        |    60 |    72 |    20 ||   152
Dodge: Dodged            |   113 |   120 |    46 ||   279
